 Dungeon Crawl Stone Soup version 0.26.0-10-g1f06aea511 (webtiles) character file.

Game seed: 6782236625440812821

2 Dracia the Stinger (level 1, 0/15 HPs)
             Began as a Naga Venom Mage on Jan 20, 2021.
             Slain by a kobold
             ... wielding a +0 short sword
              (1 damage)
             ... on level 1 of the Dungeon.
             The game lasted 00:00:29 (98 turns).

Dracia the Stinger (Naga Venom Mage)                  Turns: 98, Time: 00:00:29

Health: 0/15       AC:  2    Str: 10    XL:     1   Next: 40%
Magic:  1/3        EV:  6    Int: 15    God:
Gold:   3          SH:  0    Dex: 11    Spells: 3/4 levels left

rFire    . . .     SeeInvis +   b - +0 dagger
rCold    . . .     Faith    .   (no shield)
rNeg     . . .     Spirit   .   c - -1 scale mail (curse)
rPois    +         Reflect  .   (no helmet)
rElec    .         Harm     .   (no cloak)
rCorr    .         Rampage  .   (no gloves)
Will     .....                  (no barding)
Stlth    +.........             (no amulet)
HPRegen  0.05/turn              (no ring)
MPRegen  0.08/turn              (no ring)

@: very slightly contaminated, very slow
A: large, see invisible, deformed body, poison resistance, slowness 2, spit
poison 1, AC +0
a: Spit Poison


You were on level 1 of the Dungeon.
You visited 1 branch of the dungeon, and saw 1 of its levels.

You collected 3 gold pieces.


Innate Abilities, Weirdness & Mutations

You cannot wear boots.
Your serpentine skin is tough. (AC +0)
You have supernaturally acute eyesight. (SInv)
Armour fits poorly on your strangely shaped body.
Your system is resistant to poisons. (rPois)
You cover ground very slowly.
You can spit poison.


   Skills:
 - Level 1.5 Dodging
 - Level 3.0 Stealth
 - Level 2.0 Spellcasting
 - Level 1.0 Transmutations
 + Level 4.2 Poison Magic


You had 3 spell levels left.
You knew the following spells:

 Your Spells              Type           Power        Failure   Level
z - Sting                 Tmut/Pois      36%          50%         1

Your spell library contained the following spells:

 Spells                   Type           Power        Failure   Level
 Poisonous Vapours        Pois/Air       14%          71%         2
 Ignite Poison            Fire/Tmut/Pois 6%           93%         3
 Mephitic Cloud           Conj/Pois/Air  5%           95%         3
 Olgreb's Toxic Radiance  Pois           14%          95%         4

Inventory:

Hand Weapons
 b - a +0 dagger (weapon)
Armour
 a - a +0 robe
 c - a cursed -1 scale mail (worn)

Dungeon Overview and Level Annotations

Branches:
Dungeon (1/15)

Altars:

##### #...### #.....
#....# ##### #....#
#...###....#
#.#.#.#K...#
#.....#@..### ###
######.#(#(...#....#
#.)....#......+.##.#
#.##..#.......#....#
##.##.......>..#....#
#......#.......+...<#
####.#.##......#....#
#.#.#.......#....#
##.#.#.......'.##.#


You could see a kobold.


Message History

You closely miss the kobold.
The kobold is severely wounded.
The kobold hits you with a cursed -2 dagger.
You are too depleted to draw on your mana recklessly!
You hit the kobold.
You kill the kobold!
The kobold throws a stone.
The stone hits you.
Unknown command.
You are too depleted to draw on your mana recklessly!
Unknown command.
The kobold barely misses you. The kobold hits you but does no damage.
Things that are here:
a cursed -2 dagger; a kobold corpse You barely miss the kobold.
The kobold hits you with a +0 short sword.
You hit the kobold.
The kobold is severely wounded.
The kobold hits you with a +0 short sword.
* * * LOW HITPOINT WARNING * * *
You hit the kobold but do no damage.
The kobold is severely wounded.
The kobold hits you with a +0 short sword.
* * * LOW HITPOINT WARNING * * *
You barely miss the kobold.
The kobold is severely wounded.
The kobold hits you but does no damage.
You hit the kobold but do no damage.
The kobold is severely wounded.
The kobold hits you with a +0 short sword.
You die...

Action                   || total
-------------------------++-------
Melee: Dagger            ||     7
 Cast: Sting             ||     3
Armor: Scale mail        ||     2
Dodge: Dodged            ||     2

Levels and vault maps discovered:
D:1:      lemuel_arrival_behind_the_door_small, layout_basic,
          minmay_strange_pillars

Notes
Turn   | Place    | Note
-------+----------+-------------------------------------------
     0 | D:1      | Dracia the Naga Venom Mage began the quest for the Orb.
     0 | D:1      | Reached XP level 1. HP: 15/15 MP: 3/3
    96 | D:1      | HP: 1/15 [kobold/+0 short sword (5)]
    98 | D:1      | Slain by a kobold

Vanquished Creatures
  3 kobolds (D:1)
3 creatures vanquished.

Table legend: (Time is in decaauts)
 A = Elapsed time spent in this place.
 B = Non-inter-level travel time spent in this place.
 C = Inter-level travel time spent in this place.
 D = Time resting spent in this place.
 E = Time spent auto-exploring this place.
 F = Levels seen in this place.
 G = Mean time per level.
                   A        B        C        D        E       F      G
               +--------+--------+--------+--------+--------+-----+--------+
         Total |    124 |    124 |      0 |      0 |     67 |   1 |  124.0 |
       Dungeon |    124 |    124 |      0 |      0 |     67 |   1 |  124.0 |
               +--------+--------+--------+--------+--------+-----+--------+

Top non-repeatable levels by time:
     D:1: 124 daAuts

Table legend:
 A = Non-vault XP
 B = Vault XP
 C = Vault XP percentage of total XP
 D = Non-vault monster count
 E = Vault monster count
 F = Vault count percentage of total count
                 A         B        C        D         E       F
            +---------+---------+-------+---------+---------+-------
      Total |       4 |       0 |   0.0 |       3 |       0 |   0.0
            +---------+---------+-------+---------+---------+-------
        D:1 |       4 |       0 |   0.0 |       3 |       0 |   0.0
            +---------+---------+-------+---------+---------+-------
